 Dungeon Sprint DCSS version 0.31-a0-365-gcf821cafb2 (webtiles) character file.

Game seed: 15820210245558349786

5 rocky1 the Changeling (level 1, 0/16 HPs)
             Began as a Draconian Shapeshifter on July 28, 2023.
             Slain by an ice beast (13 damage)
             ... in the Dungeon (Sprint IX: "|||||||||||||||||||||||||||||").
             The game lasted 00:00:11 (145 turns).

rocky1 the Changeling (Draconian Shapeshifter)       Turns: 145, Time: 00:00:12

Health: 0/16       AC:  4    Str: 17    XL:     1   Next: 66%
Magic:  1/1        EV: 12    Int:  8    God:
Gold:   0          SH:  0    Dex: 11    Spells: 0/0 levels left

rFire   . .          .
                       - Unarmed
rCold   . . .        (no shield)
rNeg    . . .        (body armour unavailable)
rPois   .            (helmet currently unavailable)
rElec   .            (cloak currently unavailable)
rCorr   .            (gloves currently unavailable)
SInv    .            (boots currently unavailable)
Will    .....        (no amulet)
Stlth   +            (no ring)
HPRegen 0.22/turn    (no ring)
MPRegen 0.07/turn

%: no teleportation
@: beast-form
A: beast (slay +2), AC +4, unfitting armour, cold-blooded
a: Begin Untransformation


You were in the Dungeon.
You were a hulking beast.
You visited 1 branch

Inventory:

Talismans
 b - a beast talisman
Scrolls
 h - a scroll of blinking
Potions
 a - a potion of lignification
 c - a potion of curing
 d - a potion of heal wounds
 e - a potion of haste
 f - 2 potions of magic
 g - a potion of berserk rage


   Skills:
 + Level 1.1 Fighting
 + Level 1.8 Dodging
 + Level 3.6 Unarmed Combat
 + Level 3.7 Shapeshifting


You couldn't memorise any spells.
You didn't know any spells.
Your spell library was empty.

Dungeon Overview and Level Annotations

Branches:
Dungeon (1/1)

Altars:


Innate Abilities, Weirdness & Mutations

You are a hulking beast.
Your limbs bulge with bestial killing power. (Slay +2)
Your plain brown scales are hard. (AC +4)
You cannot fit into any form of body armour.
You are cold-blooded and may be slowed by cold attacks.


Message History

You kill the quokka!
You closely miss the ball python. The ball python barely misses you.
The ball python closely misses you.
You barely miss the ball python. The ball python bites you.
The ball python closely misses you.
The ball python bites you but does no damage.
The ball python barely misses you.
You closely miss the ball python.
Your tail-slap misses the ball python.
The ball python bites you but does no damage.
The ball python closely misses you.
You closely miss the ball python.
The ball python bites you but does no damage.
The ball python misses you.
You hit the ball python.
The ball python is moderately wounded.
The ball python bites you. The ball python grabs you.
The ball python constricts you.
You hit the ball python.
You kill the ball python!
Things that are here:
a +0 dagger; a stone; a ball python corpse You start resting.
HP restored.
You start waiting.
Done waiting.
You open the door.
An ice beast, an adder, a jelly, a black bear and an orc come into view.
The black bear growls angrily.
The orc shouts!
The adder hisses angrily.
You hit the ice beast but do no damage. The ice beast closely misses you.
You barely miss the ice beast. You punch the ice beast!
You tail-slap the ice beast.
The ice beast is heavily wounded.
The ice beast closely misses you.
Okay, then.
You hit the ice beast but do no damage.
The ice beast is heavily wounded.
The ice beast hits you. The ice beast freezes you!
Ouch! That really hurt!
You die...

▓.▓
▓.▓
▓.▓
▓†▓
▓)▓
▓.▓
▓.▓
▓.▓
▓h▓
▓Y▓
▓S▓
▓J▓
▓h▓
▓o▓
▓.▓
▓+▓


You could see a black bear, an ice beast, a jelly, an adder and an orc.

Vanquished Creatures
  A kobold (D)
  2 quokkas (D)
  A ball python (D)
  A bat (D)
5 creatures vanquished.

Notes
Turn   | Place    | Note
-------+----------+-------------------------------------------
     0 | D        | rocky1 the Draconian Shapeshifter began the quest for the
                  | Orb.
     0 | D        | Reached XP level 1. HP: 16/16 MP: 1/1
   141 | D        | Noticed an ice beast
   141 | D        | Noticed a jelly
   141 | D        | Noticed a black bear
   145 | D        | Slain by an ice beast

Illustrated notes

Levels and vault maps discovered:
D:        linesprint [early_d, line_temple, items_1, d_10, items_2, lair_1,
          lair_end, items_3, orc_1, orc_end, items_4, d_15, swamp_1, shoals_1,
          snake_1, spider_1, d_20, vaults_1, items_5, swamp_end, shoals_end,
          snake_end, spider_end, vaults_end, d_27, items_6, zot_1, zot_end,
          crypt_end, forest_end, elf_end, slime_end, tomb_end, abyss_end,
          pan_hell_end]

Action                     || total
---------------------------++-------
  Melee: Unarmed           ||    18
         Tailslap          ||     1
 Armour: Skin              ||     4
  Dodge: Dodged            ||    13

Table legend: (Time is in decaauts)
 A = Elapsed time spent in this place.
 B = Non-inter-level travel time spent in this place.
 C = Inter-level travel time spent in this place.
 D = Time resting spent in this place.
 E = Time spent auto-exploring this place.
 F = Levels seen in this place.
 G = Mean time per level.
                   A        B        C        D        E       F      G
               +--------+--------+--------+--------+--------+-----+--------+
         Total |    143 |    143 |      0 |    117 |      0 |   1 |  143.0 |
       Dungeon |    143 |    143 |      0 |    117 |      0 |   1 |  143.0 |
               +--------+--------+--------+--------+--------+-----+--------+

Top non-repeatable levels by time:
       D: 143 daAuts
